 Dungeon Crawl Stone Soup version 0.19-a0-1207-g69d5fc3 (webtiles) character file.

343 PurpleRed the Magician (level 6, -2/32 HPs)
             Began as a Deep Elf Fire Elementalist on Aug 21, 2016.
             Killed from afar by an orc wizard (9 damage)
             ... with a puff of flame
             ... on level 4 of the Dungeon.
             The game lasted 00:09:49 (872 turns).

PurpleRed the Magician (Deep Elf Fire Elementalist)  Turns: 872, Time: 00:09:50

Health: -2/32      AC:  2    Str:  5    XL:     6   Next: 31%
Magic:  16/16      EV: 13    Int: 22    God:
Gold:   82         SH:  0    Dex: 15    Spells: 4 memorised, 4 levels left

rFire  . . .     SeeInvis .     k - +0 spear
rCold  . . .     Gourm    +     a - +0 robe
rNeg   . . .     Faith    .     (no shield)
rPois  +         Spirit   .     (no helmet)
rElec  .         Dismiss  .     (no cloak)
rCorr  .         Reflect  .     (no gloves)
MR     .....     Harm     .     (no boots)
Stlth  ++........               h - amulet of the gourmand
                                (no ring)
                                l - ring of poison resistance

@: no status effects
A: no striking features
a: no special abilities


You were on level 4 of the Dungeon.
You were full.

You visited 1 branch of the dungeon, and saw 5 of its levels.

You collected 82 gold pieces.

Inventory:

Hand Weapons
 d - a +0 club
 k - a +0 spear (weapon)
 m - a +0 dagger
Missiles
 e - 42 sling bullets
 g - 2 poisoned tomahawks (quivered)
Armour
 a - a +0 robe (worn)
 x - the cursed +0 ring mail "Xetu" {rF+, unknown}
   (You found it on level 4 of the Dungeon)

   It protects you from fire.
   It has a curse placed upon it.
 y - a +0 shield
Jewellery
 h - an amulet of the gourmand (around neck)
 l - a ring of poison resistance (left hand)
Wands
 j - a wand of lightning (0/15)
Scrolls
 o - 3 scrolls of magic mapping {unknown}
 q - a scroll of enchant armour {unknown}
 s - 2 scrolls of teleportation {unknown}
 t - a scroll of remove curse
 w - a scroll of identify {unknown}
Potions
 f - a potion of cancellation {unknown}
 n - 2 potions of curing {unknown}
 p - a potion of heal wounds {unknown}
 u - a potion of haste {unknown}
 v - a potion of invisibility {unknown}
Books
 b - a book of Flames

   Spells                             Type                      Level
   a - Flame Tongue                   Conjuration/Fire             1
   b - Throw Flame                    Conjuration/Fire             2
   c - Conjure Flame                  Conjuration/Fire             3
   d - Inner Flame                    Hexes/Fire                   3
   e - Sticky Flame                   Conjuration/Fire             4
   f - Fireball                       Conjuration/Fire             5
Comestibles
 c - 3 bread rations
 i - 2 meat rations
 r - 4 chunks of flesh


   Skills:
 - Level 2.4 Dodging
 - Level 2.4 Stealth
 + Level 5.8 Spellcasting
 + Level 4.7 Conjurations
 + Level 4.5 Fire Magic


You had 4 spell levels left.
You knew the following spells:

 Your Spells              Type           Power        Failure   Level  Hunger
a - Flame Tongue          Conj/Fire      ####.        1%          1    None
b - Throw Flame           Conj/Fire      ####..       1%          2    None
c - Sticky Flame          Conj/Fire      ####....     14%         4    ####...
d - Fireball              Conj/Fire      ####......   38%         5    #####..


Dungeon Overview and Level Annotations

Branches:
Dungeon (5/15)
 Temple: D:4-7

Altars:

Shops:
D:4 %


Message History

Natasha casts a spell.
You hear some strange, mumbled words.
A magic dart appears from out of thin air!
The magic dart hits you!
* * * LOW HITPOINT WARNING * * *
Evoke which item? (* to show all) (? for menu, Esc to quit)
Zapping:
j - a wand of lightning {zapped: 7} (will waste charges)
Press: ? - help, Shift-Dir - straight line, f/p - Natasha
Aim: Natasha (severely wounded)
You hear a mighty clap of thunder!
The bolt of lightning hits something.
The bolt of lightning hits the orc.
You kill the orc!
The bolt of lightning hits Natasha.
You kill Natasha!
Natasha screams in pain as she dies!
Evoking this partially-identified wand wasted a few charges.
You hear some strange, mumbled words.
A puff of flame appears from out of thin air!
The puff of flame hits you!
You die...

#.# #.# . #.# ..
##.# ... ### ####
#..# .... .. ..#
#.## ...h.#. #.#
#.#
.......###.####.#
......o†.)....@.#
.....#.###.######
..# #. #.# .. ..#
### ####


There were no monsters in sight!

Vanquished Creatures
  A scorpion (D:4)
  2 howler monkeys (D:4)
  An orc wizard (D:3)
  Natasha (twice) (D:4)
  An iguana (D:5)
  3 gnolls (D:3)
  5 adders
  2 giant geckos
  5 orcs
  2 bats
  3 giant cockroaches
  A goblin (D:1)
  3 hobgoblins
  4 jackals
  A kobold (D:1)
  A quokka (D:3)
  4 giant newts
  3 rats
44 creatures vanquished.

Notes
Turn   | Place    | Note
-------+----------+-------------------------------------------
     0 | D:1      | PurpleRed the Deep Elf Fire Elementalist began the quest for the Orb.
     0 | D:1      | Reached XP level 1. HP: 10/10 MP: 6/6
   159 | D:2      | Reached XP level 2. HP: 15/15 MP: 4/8
   163 | D:2      | Learned a level 2 spell: Throw Flame
   308 | D:3      | Reached XP level 3. HP: 10/19 MP: 5/10
   375 | D:3      | Reached skill level 4 in Spellcasting
   375 | D:3      | Reached XP level 4. HP: 19/24 MP: 3/12
   489 | D:3      | Learned a level 4 spell: Sticky Flame
   572 | D:4      | Found Opuese Neqi's Food Boutique.
   601 | D:4      | Reached skill level 5 in Spellcasting
   601 | D:4      | Reached XP level 5. HP: 25/28 MP: 5/14
   610 | D:4      | Learned a level 5 spell: Fireball
   627 | D:5      | Entered Level 5 of the Dungeon
   674 | D:4      | Noticed Natasha
   679 | D:4      | Killed Natasha
   803 | D:4      | Reached XP level 6. HP: 29/32 MP: 11/16
   819 | D:4      | Got a fine ring mail
   864 | D:4      | Noticed Natasha
   872 | D:4      | Killed Natasha
   872 | D:4      | Killed from afar by an orc wizard

Vault maps used:
D:1:      minmay_arrival_stair_chambers
D:2:      amethyst_killhole, kennysheep_generic_room_8
D:3:      nicolae_overflow_crystal_walls, uniq_grinder
D:4:      minmay_opposing_rooms, first_bread, serial_shops, shop, uniq_natasha
D:5:      serial_shops, shop, uniq_crazy_yiuf_cottage, uniq_pikel

Skill      XL: |  1  2  3  4  5 |
---------------+----------------+-----
Conjurations   | 2 3 4 |  4.7
Spellcasting   | 4 5 |  5.8
Fire Magic     | 4 |  4.5
Dodging        | |  2.4
Stealth        | |  2.4

Action                   |  1- 3 |  4- 6 || total
-------------------------+-------+-------++-------
Melee: Spear             |       |     9 ||     9
 Cast: Flame Tongue      |    27 |    38 ||    65
       Throw Flame       |     4 |     2 ||     6
       Sticky Flame      |       |     1 ||     1
Evoke: Wand              |       |     4 ||     4
  Use: Scroll            |       |     4 ||     4
  Eat: Chunk             |       |     7 ||     7
Armor: Robe              |     4 |     2 ||     6
Dodge: Dodged            |     7 |    20 ||    27
